 Dungeon Crawl Stone Soup version 0.24.0-10-g970556be89 (webtiles) character file.

Game seed: 15895665394948075995, levelgen mode: deterministic

153751 zkyp the Severer (level 17, -7/135 HPs)
             Began as a Centaur Chaos Knight on Nov 3, 2019.
             Was a Plaything of Xom.
             Mangled by an alligator (9 damage)
             ... called by a spriggan druid
             ... on level 3 of the Swamp.
             The game lasted 00:56:56 (36629 turns).

zkyp the Severer (Centaur Chaos Knight)            Turns: 36629, Time: 00:56:57

Health: -7/135     AC: 42    Str: 22    XL:     17   Next: 5%
Magic:  17/17      EV:  6    Int: 11    God:    Xom [*.....]
Gold:   1272       SH:  0    Dex:  7    Spells: 16/16 levels left

rFire    + + .     SeeInvis .   a - +3 battleaxe "Monal" {speed, rN+}
rCold    + . .     Gourm    .   (shield currently unavailable)
rNeg     + + .     Faith    .   o - +4 plate armour {ponderous}
rPois    +         Spirit   .   F - +2 helmet
rElec    +         Reflect  .   U - +0 cloak of a Hundred Wonders {-Cast rElec rC+ rN+} (curse)
rCorr    .         Harm     .   Q - +1 pair of gloves
MR       +....     Clarity  +   I - +4 centaur barding Stlth ..........NoCast +
                                d - amulet "Maschiq" {RegenMP rF+ Stlth+}
HPRegen  0.72/turn              t - +2 ring of protection
MPRegen  0.40/turn              V - ring of poison resistance

@: lethally poisoned (-7 -> -12), quick
A: large, hooves 3, iridescent scales 1, yellow scales 1, clarity, clumsy 1,
deformed body, fire resistance 1, speed 2, frail 1, regeneration 1, screaming 1,
electricity resistance, tough skin 3, sturdy frame 1
a: Renounce Religion


You were on level 3 of the Swamp.
You worshipped Xom.
You were a special plaything of Xom.
You were not hungry.

You visited 4 branches of the dungeon, and saw 27 of its levels.
You visited the Abyss 1 time.
You also visited: Sewer and Ice Cave.

You collected 4130 gold pieces.
You spent 2858 gold pieces at shops.

Inventory:

Hand Weapons
 a - the +3 battleaxe "Monal" (weapon) {speed, rN+}
   (You found it on level 3 of the Lair of Beasts)

   Attacks with this weapon are significantly faster.
   It protects you from negative energy.
 b - the +7 spear "Ocoecvu" {chaos, Str+6}
   (Xom gifted it to you on level 13 of the Dungeon)

   Each time it hits an enemy it has a different, random effect.
   It affects your strength (+6).
 z - the +2 war axe of Merraosh {freeze, rPois Dex+5}
   (You bought it in a shop on level 4 of the Dungeon)

   It has been specially enchanted to freeze those struck by it, causing extra
   injury to most foes and up to half again as much damage against particularly
   susceptible opponents.
   It can also slow down cold-blooded creatures.
   It affects your dexterity (+5).
   It protects you from poison.
Missiles
 m - 6 curare-tipped darts (quivered)
 H - 7 javelins
 R - 2 throwing nets {=f =F}
Armour
 o - a +4 plate armour of ponderousness (worn)
 B - +0 ice dragon scales
 F - a +2 helmet (worn)
 I - a +4 centaur barding (worn)
 Q - a +1 pair of gloves (worn)
 S - the +10 large shield of Ignorance {rN+ Int-4}
   (You acquired it on level 4 of the Lair of Beasts)

   It affects your intelligence (-4).
   It protects you from negative energy.
 U - the cursed +0 cloak of a Hundred Wonders (worn) {-Cast rElec rC+ rN+}
   (You bought it in a shop on level 2 of the Orcish Mines)

   It protects you from cold.
   It insulates you from electricity.
   It protects you from negative energy.
   It prevents spellcasting.
   It has a curse placed upon it.
 X - a +2 hat
 Z - a scarf of cloud immunity
Jewellery
 d - the amulet "Maschiq" (around neck) {RegenMP rF+ Stlth+}
   (You bought it in a shop on level 2 of the Orcish Mines)

   [amulet of magic regeneration]

   It increases your magic regeneration.
   It protects you from fire.
   It makes you more stealthy.
 r - an uncursed ring of protection from fire
 t - a +2 ring of protection (left hand)
 P - an uncursed ring of protection from cold
 T - an uncursed ring of protection from magic
 V - a ring of poison resistance (right hand)
Wands
 s - a wand of paralysis (41)
 K - a wand of iceblast (19)
 M - a wand of digging (4)
Scrolls
 g - 20 scrolls of teleportation
 h - 3 scrolls of summoning
 i - 8 scrolls of remove curse {@r1}
 j - 2 scrolls of silence {!r}
 w - 4 scrolls of fog
 y - 3 scrolls of enchant armour
 A - a scroll of identify {@r2}
 C - 7 scrolls of fear
 D - 3 scrolls of enchant weapon
 J - 3 scrolls of blinking
 O - a scroll of magic mapping
 W - a scroll of holy word
Potions
 e - 2 potions of agility
 f - 7 potions of flight
 k - 18 potions of curing {@q1}
 l - 3 potions of might
 n - 3 potions of heal wounds
 u - 3 potions of invisibility
 v - 2 potions of magic
 x - 2 potions of haste {unknown}
 G - 2 potions of ambrosia
 L - a potion of resistance
 N - 3 potions of cancellation
 Y - a potion of mutation {!q}
Miscellaneous
 p - a phial of floods
 q - a fan of gales
Comestibles
 c - 54 rations


   Skills:
 + Level 13.5 Fighting
 - Level 16.5 Axes
 + Level 13.4 Armour
 - Level 8.0 Dodging
 - Level 6.0 Shields


You had 16 spell levels left.
You didn't know any spells.
Your spell library contained the following spells:

 Spells                   Type           Power        Failure   Level  Hunger
 Animate Skeleton         Necr           N/A          92%         1    ##.....
 Apportation              Tloc           #.....       92%         1    ##.....
 Confusing Touch          Hex            #.....       92%         1    ##.....
 Corona                   Hex            #......      92%         1    ##.....
 Pain                     Necr           #...         92%         1    ##.....
 Summon Butterflies       Summ           #.......     92%         1    ##.....
 Summon Small Mammal      Summ           #...         92%         1    ##.....
 Ensorcelled Hibernation  Hex/Ice        #.....       98%         2    ###....
 Slow                     Hex            #.......     98%         2    ###....
 Confuse                  Hex            #.......     100%        3    ####...
 Dazzling Spray           Conj/Hex       #.....       100%        3    ####...
 Inner Flame              Hex/Fire       #.......     100%        3    ####...
 Lesser Beckoning         Tloc           #.........   100%        3    ####...
 Portal Projectile        Hex/Tloc       #.....       100%        3    ####...
 Regeneration             Chrm/Necr      #.........   100%        3    ####...
 Tukima's Dance           Hex            #.......     100%        3    ####...
 Vampiric Draining        Necr           #.........   100%        3    ####...
 Animate Dead             Necr           N/A          100%        4    #####..
 Cause Fear               Hex            #.........   100%        4    #####..
 Leda's Liquefaction      Hex/Erth       #.........   100%        4    #####..
 Alistair's Intoxication  Tmut/Pois      #.......     100%        5    ######.
 Bolt of Magma            Conj/Fire/Erth #.........   100%        5    ######.
 Irradiate                Conj/Tmut      #.........   100%        5    ######.
 Iskenderun's Battlesphe  Conj/Chrm      #.......     100%        5    ######.
 Venom Bolt               Conj/Pois      #.........   100%        5    ######.
 Hydra Form               Tmut           #.........   100%        6    #######
 Invisibility             Hex            #.......     100%        6    #######
 Iron Shot                Conj/Erth      #.........   100%        6    #######
 Statue Form              Tmut/Erth      #........    100%        6    #######
 Dragon Form              Tmut           #.........   100%        7    #######
 Orb of Destruction       Conj           #.........   100%        7    #######
 Spellforged Servitor     Conj/Summ      #.........   100%        7    #######


Dungeon Overview and Level Annotations

Branches:
Dungeon (15/15)            Temple (0/1) D:4            Lair (6/6) D:9
  Swamp (4/4) Lair:3       Spider (0/4) Lair:2          Orc (2/2) D:9
    Elf (0/3) Orc:2        Vaults (0/5) D:14         Depths (0/5) D:15
  Sewer (visited)           IceCv (visited)
  Slime: Lair:5-6

Altars:
Ashenzari
Elyvilon
Fedhas
Hepliaklqana
Makhleb
Okawaru
Qazlal
Sif Muna
Trog
Uskayaw
Wu Jian
Xom
Yredelemnul
Beogh

Shops:
D:4 ?%?*(   D:7 [[*!   D:15 =   Orc:1 ?   Orc:2 *[%*

Portals:
Trove: D:15 (give +2 gold dragon scales)

Annotations:
Lair:2 exclusion: oklob plant
Lair:6 exclusion: 3 oklob plants


Innate Abilities, Weirdness & Mutations

You have hooves in place of feet.
Armour fits poorly on your strangely shaped body.
You cover ground very quickly.
You have extremely tough skin. (AC +3)
You are partially covered in iridescent scales. (AC +2)
You are partially covered in yellow scales. (AC +2)
You possess an exceptional clarity of mind.
You are clumsy. (Dex -2)
Your flesh is heat resistant. (rF+)
You are frail. (-10% HP)
Your natural rate of healing is unusually fast.
You occasionally shout uncontrollably at your foes.
You are resistant to electric shocks. (rElec)
Your movements are slightly less encumbered by armour. (ER -2)


Message History

You are poisoned.
The spiny frog poisons you! The alligator bites you!!
* * * LOW HITPOINT WARNING * * *
The alligator tail-slaps you.
* * * LOW HITPOINT WARNING * * *
Okay, then.
Unknown command.
Blink to where?
Press: ? - help, Dir - move target cursor
Okay, then.
Unknown command.
Unknown command.
You feel much better.
You feel sick. The swamp worm bites you!!
* * * LOW HITPOINT WARNING * * *
The spiny frog stings you but does no damage.
The alligator bites you.
* * * LOW HITPOINT WARNING * * *
The alligator tail-slaps you!
You die...
Xom chortles!

≈.≈♣♣
♣♣≈....≈.♣§≈..♣≈.♣
♣♣ ≈.♣♣
♣♣.≈≈≈≈....♣.≈≈.♣ ♣
≈≈♣
♣♣≈≈.≈...>...≈.♣♣
≈§♣ ♣♣.§≈≈≈≈.≈≈....♣
≈.♣ ♣..≈♣≈≈≈≈≈.≈≈.♣
≈.♣ ♣♣.≈≈§≈≈≈≈.≈≈.♣
.≈♣ ♣..≈..≈≈≈≈≈≈..♣♣
≈≈♣
♣♣.....)§≈≈≈≈...♣
≈.♣
♣...F@w..≈≈.....♣
≈.♣
♣≈(♣t....≈≈.....♣♣
≈.♣
♣♣≈≈....♣..≈≈.≈≈..♣
≈≈♣
♣≈≈...♣♣♣♣§≈≈≈≈≈≈.♣♣
≈≈♣ ♣≈..≈≈♣
♣≈≈≈≈.≈≈≈≈≈♣♣ ♣.♣
♣♣.≈≈.♣♣
♣≈≈≈♣.≈.≈≈≈.♣♣ ♣.♣
♣...≈♣♣
♣♣≈≈≈♣≈.≈≈....♣♣
..♣♣♣♣♣♣♣♣..≈≈♣
♣..≈≈≈≈.≈....≈..
♣≈♣♣.≈≈§...≈.♣♣
♣♣.≈≈.≈≈.≈≈≈..≈≈.


You could see an alligator, a spiny frog and a swamp worm.

Vanquished Creatures
  Saint Roka (Orc:2)
  Rupert (D:14)
  A tentacled monstrosity (Swamp:3)
  Gastronok (Lair:3)
  A thorn hunter (Swamp:1)
  An azure jelly (Lair:6)
  An orc warlord (Orc:1)
  Nessos (Orc:2)
  An ettin (Orc:1)
  A yaktaur captain (D:15)
  A great orb of eyes (Lair:3)
  18 hydras
  2 shambling mangroves
  2 ice dragons (IceCv)
  3 catoblepae (Lair:6)
  An ogre mage (D:15)
  12 death yaks
  5 centaur warriors
  9 alligators
  A tengu warrior (D:14)
  7 two-headed ogres
  An orc high priest (Orc:2)
  A wretched star (Abyss:1)
  Nergalle (Lair:2)
  A skeletal warrior (D:12)
  A fire crab (shapeshifter) (D:14)
  A spriggan druid (Swamp:4)
  4 unseen horrors
  2 swamp dragons
  A glowing orange brain (D:13)
  Pikel (D:6)
  A wolf spider zombie (D:15)
  12 ugly things
  3 orc knights (D:15)
  6 orc sorcerers
  A cyclops (D:12)
  3 deep elf magi
  20 elephants
  2 manticores
  2 ice statues (IceCv)
  3 black mambas
  6 orange demons (D:12)
  A gargoyle (D:8)
  10 komodo dragons
  5 rime drakes
  16 spiny frogs
  A yaktaur (D:15)
  2 red devils (D:12)
  A tengu conjurer (D:15)
  An efreet (Abyss:1)
  A wind drake (Lair:6)
  A queen bee (D:11)
  A merfolk (D:10)
  Grinder (D:4)
  5 jumping spiders (Lair:2)
  6 trolls
  5 tyrant leeches
  9 hornets
  A slime creature (shapeshifter) (D:14)
  15 blink frogs
  4 hippogriffs
  8 bog bodies
  26 slime creatures
  8 spriggans
  Sigmund (D:2)
  4 redbacks (Lair:2)
  3 vampires
  4 water elementals (D:13)
  2 shadows
  2 wyverns (Lair:5)
  54 yaks
  4 hungry ghosts
  A steam dragon (D:8)
  A basilisk (Lair:4)
  Menkaure (D:5)
  16 vampire mosquitoes
  18 swamp worms
  11 insubstantial wisps
  An acid dragon (D:14)
  2 wargs
  18 water moccasins
  7 porcupines
  A water moccasin (shapeshifter) (D:15)
  33 orc warriors
  18 ice beasts
  3 sky beasts
  5 necrophages
  An eye of draining (D:14)
  4 swamp drakes
  15 ogres
  3 phantoms
  2 black bears
  5 wolves (Lair:1)
  11 centaurs
  16 crocodiles
  4 big kobolds
  17 bullfrogs
  A gnoll sergeant (D:9)
  A wyvern skeleton (D:12)
  2 scorpions
  41 killer bees
  15 wights
  5 howler monkeys
  4 electric eels
  5 centaur zombies
  4 crimson imps
  8 hounds
  4 jellies
  A bullfrog zombie (D:8)
  30 orc priests
  A quasit (Abyss:1)
  2 bullfrog skeletons
  36 orc wizards
  Ijyb (D:4)
  Jessica (D:3)
  4 centaur skeletons
  4 iguanas
  9 worker ants
  5 hell rats
  A hound zombie (D:5)
  A mummy (D:8)
  A howler monkey zombie (D:8)
  8 gnolls
  10 adders
  19 river rats
  6 shadow imps
  3 oozes
  2 worms (D:3)
  4 dart slugs
  7 leopard geckos
  99 orcs
  14 giant cockroaches
  5 goblins
  6 hobgoblins
  4 jackals
  4 quokkas
  5 ball pythons
  8 bats
  A jackal skeleton (D:4)
  30 kobolds
  A leopard gecko zombie (D:8)
  A quokka skeleton (D:5)
  31 rats
  A spectral orc (D:8)
  2 fungi
  2 plants (Lair:6)
1020 creatures vanquished.

Vanquished Creatures (collateral kills)
  A two-headed ogre (D:10)
  4 skeletal warriors (D:12)
  2 orc sorcerers (Orc:2)
  A manticore (Lair:6)
  3 yaks
  An orc warrior (Orc:2)
  A slave (D:6)
  An ice beast (IceCv)
  A wight (D:10)
  A killer bee (D:11)
  An orc wizard (Orc:2)
  A hound zombie (D:10)
  A river rat (D:11)
  3 orcs (Orc:2)
22 creatures vanquished.

Vanquished Creatures (others)
  A hydra (Swamp:2)
  A troll (D:9)
  5 dream sheep (Lair:5)
  A yak (Lair:6)
  A slave (D:6)
  An ogre (D:11)
  A bullfrog (D:8)
  A water moccasin skeleton (D:8)
  3 killer bees
  3 orc priests
  A worker ant (D:8)
  11 orcs
  A quokka (D:4)
  A leopard gecko skeleton (D:6)
  A bush (Lair:5)
  13 fungi
  12 plants
58 creatures vanquished.

Grand Total: 1100 creatures vanquished

Notes
Turn   | Place    | Note
-------+----------+-------------------------------------------
     0 | D:1      | zkyp the Centaur Chaos Knight began the quest for the Orb.
     0 | D:1      | Reached XP level 1. HP: 19/19 MP: 1/1
   178 | D:1      | Reached skill level 3 in Axes
   192 | D:1      | Reached XP level 2. HP: 23/26 MP: 2/2
   642 | D:1      | XOM: harmless Summ miscast
   664 | D:1      | XOM: divination: detect creatures
   683 | D:1      | Reached XP level 3. HP: 29/31 MP: 3/3
   979 | D:1      | Reached skill level 4 in Axes
  1077 | D:1      | XOM: harmless Hex miscast
  1102 | D:1      | XOM: silly message
  1459 | D:2      | XOM: harmless Pois miscast
  1498 | D:2      | Noticed Sigmund
  1556 | D:2      | Reached XP level 4. HP: 36/38 MP: 4/4
  1728 | D:2      | Gained mutation: Your mind is acute. (Int +2) [potion of
                  | mutation]
  1728 | D:2      | Gained mutation: You occasionally shout uncontrollably at
                  | your foes. [potion of mutation]
  1728 | D:2      | Gained mutation: You are resistant to electric shocks.
                  | (rElec) [potion of mutation]
  1731 | D:2      | XOM: potion effect (brilliance)
  1733 | D:2      | Killed Sigmund
  1733 | D:2      | Reached skill level 5 in Axes
  1733 | D:2      | Reached XP level 5. HP: 9/45 MP: 5/5
  1775 | D:2      | XOM: silly message
  1811 | D:2      | XOM: harmless Tloc miscast
  2226 | D:2      | Found an iron altar of Okawaru.
  2230 | D:2      | Reached skill level 6 in Axes
  2439 | D:3      | Reached XP level 6. HP: 43/51 MP: 6/6
  2512 | D:3      | Found a glowing drain.
  2532 | Sewer    | Entered a sewer
  2900 | Sewer    | XOM: harmless Tloc miscast
  3512 | D:3      | XOM: divination: magic mapping
  3545 | D:3      | XOM: cloud trail
  3609 | D:3      | Found a blossoming altar of Fedhas.
  3628 | D:3      | Reached skill level 7 in Axes
  3630 | D:3      | Found an ornate altar of the Wu Jian Council.
  3631 | D:3      | Noticed Jessica
  3636 | D:3      | Killed Jessica
  3645 | D:3      | XOM: noise
  3681 | D:3      | XOM: divination: detect creatures
  3686 | D:3      | XOM: harmless Ice miscast
  3689 | D:3      | XOM: noise
  3979 | D:3      | XOM: harmless Hex miscast
  4055 | D:4      | Reached XP level 7. HP: 40/57 MP: 7/7
  4135 | D:4      | Found Oroini's Food Emporium.
  4189 | D:4      | Noticed Grinder
  4195 | D:4      | XOM: confuse monster(s)
  4203 | D:4      | Killed Grinder
  4203 | D:4      | Reached skill level 8 in Axes
  4236 | D:4      | Found Qituidody's Magic Scroll Emporium.
  4239 | D:4      | Bought a scroll of identify for 24 gold pieces
  4239 | D:4      | Bought a scroll of teleportation for 36 gold pieces
  4263 | D:4      | Found Lefip's Assorted Antiques.
  4267 | D:4      | You fall into a shaft and drop 2 floors!
  4270 | D:5      | Entered Level 5 of the Dungeon
  4402 | D:5      | Noticed Menkaure
  4419 | D:5      | XOM: butterfly on damage
  4421 | D:5      | Killed Menkaure
  4819 | D:4      | Found Vasihoq's Antique Weapon Emporium.
  4999 | D:4      | Found a staircase to the Ecumenical Temple.
  5032 | D:4      | Reached skill level 9 in Axes
  5032 | D:4      | Reached XP level 8. HP: 44/63 MP: 8/8
  5055 | D:4      | Found a white marble altar of Elyvilon.
  5075 | D:4      | Noticed Edmund
  5075 | D:4      | Noticed Edmund
  5075 | D:4      | Edmund changed into Edmund the bullfrog
  5075 | D:4      | XOM: polymorph Edmund -> Edmund the bullfrog
  5081 | D:4      | Killed Edmund the bullfrog
  5166 | D:4      | Found Xoyn's Magic Scroll Shoppe.
  5169 | D:4      | Noticed Ijyb
  5192 | D:4      | Killed Ijyb
  5285 | D:4      | XOM: torment (10/63 hp)
  5649 | D:5      | XOM: chaos upgrade
  5652 | D:5      | XOM: harmless Ice miscast
  6030 | D:6      | Noticed Pikel
  6065 | D:6      | Killed Pikel
  6065 | D:6      | Reached skill level 10 in Axes
  6097 | D:6      | XOM: god gift: 600 gold pieces
  6160 | D:4      | Bought a bloodstained war axe for 195 gold pieces
  6160 | D:4      | Identified the cursed +2 war axe of Merraosh {freeze, rPois
                  | Dex+5} (You bought it in a shop on level 4 of the Dungeon)
  6288 | D:4      | Bought a potion of heal wounds for 105 gold pieces
  6288 | D:4      | Bought a scroll labeled ETIGIPN SEOCUQELL for 21 gold
                  | pieces
  6288 | D:4      | Bought a scroll labeled XEIVUNE ZUOHO for 21 gold pieces
  6288 | D:4      | Bought a potion of agility for 84 gold pieces
  6344 | D:4      | Bought a scroll of fear for 42 gold pieces
  6344 | D:4      | Bought a scroll of enchant weapon for 90 gold pieces
  6344 | D:4      | Bought a scroll of teleportation for 36 gold pieces
  6344 | D:4      | Bought a scroll of teleportation for 36 gold pieces
  6344 | D:4      | Bought a scroll of teleportation for 36 gold pieces
  6344 | D:4      | Bought a scroll of remove curse for 36 gold pieces
  6382 | D:6      | XOM: blink monster(s)
  6575 | D:6      | XOM: summons friendly shadow imp
  6629 | D:6      | Reached skill level 11 in Axes
  6629 | D:6      | Reached XP level 9. HP: 51/69 MP: 9/9
  6866 | D:6      | XOM: cloud trail
  7016 | D:6      | Reached skill level 1 in Dodging
  7195 | D:6      | XOM: god gift: 32 arrows
  7257 | D:7      | Found a shimmering blue altar of Sif Muna.
  7261 | D:7      | XOM: noise
  7270 | D:7      | XOM: 3-stop teleportation journey
  7295 | D:7      | XOM: summons friendly white imp
  7418 | D:7      | XOM: god gift: hunting sling {god gift}
  7432 | D:7      | XOM: cast spell 'Dispersal'
  7469 | D:7      | Found Xepurenai's Assorted Antiques.
  7474 | D:7      | Bought a scroll labeled LINTEA BOOMM for 26 gold pieces
  7474 | D:7      | Bought a puce potion for 23 gold pieces
  7481 | D:7      | Found Eptoag's Armour Boutique.
  7522 | D:7      | XOM: polymorph sky beast -> water moccasin
  7637 | D:7      | Found Cyschufiu's Antique Armour Boutique.
  7663 | D:7      | XOM: cloud trail
  7692 | D:7      | Found Paarchuub's Distillery.
  7695 | D:7      | Bought a potion of heal wounds for 75 gold pieces
  7872 | D:8      | Reached skill level 5 in Fighting
  7873 | D:8      | XOM: divine lightning
  7873 | D:8      | Noticed a gargoyle
  7945 | D:7      | XOM: cloud trail
  8009 | D:7      | XOM: cleaving
  8263 | D:8      | XOM: confuse monster(s)
  8266 | D:8      | Killed a gargoyle
  8266 | D:8      | Reached XP level 10. HP: 45/81 MP: 10/10
  8581 | D:8      | XOM: noise
  8598 | D:8      | Found a hide-covered altar of Uskayaw.
  8598 | D:8      | XOM: polymorph centaur -> steam dragon
  8599 | D:8      | XOM: scenery: 1 doors close
  8601 | D:8      | XOM: confuse monster(s)
  8602 | D:8      | XOM: confuse monster(s)
  8654 | D:7      | XOM: medium Hex miscast
  8839 | D:8      | XOM: summons friendly quasit
  8840 | D:8      | XOM: polymorph quasit -> crimson imp
  9296 | D:8      | Found a basalt altar of Yredelemnul.
  9493 | D:9      | XOM: 1-stop teleportation journey
  9497 | D:9      | Noticed a death yak
  9498 | D:9      | Noticed a death yak
  9498 | D:9      | Noticed a death yak
  9498 | D:9      | Noticed a death yak
  9499 | D:9      | Found a staircase to the Lair.
  9499 | D:9      | Noticed a death yak
  9499 | D:9      | Noticed a death yak
  9499 | D:9      | Noticed a death yak
  9525 | D:8      | XOM: summons 2 friendly demons
  9527 | D:8      | XOM: noise
  9557 | D:8      | Killed a death yak
  9568 | D:8      | XOM: give mutations
  9568 | D:8      | Gained mutation: You are partially covered in yellow
                  | scales. (AC +2) [Xom's grace]
  9568 | D:8      | Gained mutation: You possess an exceptional clarity of
                  | mind. [Xom's grace]
  9568 | D:8      | Gained mutation: You are partially covered in iridescent
                  | scales. (AC +2) [Xom's grace]
  9568 | D:8      | Gained mutation: You are agile. (Dex +2) [Xom's grace]
  9732 | D:8      | XOM: god gift: 35 gold pieces
  9882 | D:8      | Reached skill level 5 in Armour
  9991 | D:8      | XOM: summons 2 friendly demons
  9996 | D:8      | XOM: enchant monster (good)
 10000 | D:8      | Killed a death yak
 10000 | D:8      | Reached skill level 5 in Dodging
 10000 | D:8      | XOM: summons friendly shadow imp
 10004 | D:8      | Killed a death yak
 10004 | D:8      | Reached XP level 11. HP: 29/92 MP: 11/11
 10131 | D:8      | XOM: harmless Ice miscast
 10263 | D:9      | XOM: divination: detect items
 10274 | D:8      | XOM: potion effect (haste)
 10275 | D:8      | Killed a death yak
 10483 | D:7      | XOM: scenery: 1 doors close
 10551 | D:7      | XOM: harmless Erth miscast
 10758 | D:8      | XOM: butterfly on damage
 10763 | D:8      | Killed a death yak
 10930 | D:9      | XOM: divination: detect items
 11015 | D:8      | XOM: harmless Tloc miscast
 11021 | D:8      | XOM: harmless Necr miscast
 11083 | D:7      | XOM: divination: detect creatures
 11300 | D:8      | Killed a death yak
 11381 | D:8      | Killed a death yak
 11559 | D:9      | XOM is BORED!
 11559 | D:9      | Found a burning altar of Makhleb.
 11559 | D:9      | XOM: 2-stop teleportation journey
 11759 | D:9      | Found a shattered altar of Ashenzari.
 11856 | D:9      | XOM: stat loss: -1 Int (12/13)
 11858 | D:9      | Noticed a five-headed hydra
 11873 | D:9      | Killed a six-headed hydra
 11975 | D:9      | Noticed a two-headed ogre
 11980 | D:9      | Killed a two-headed ogre
 12235 | D:9      | XOM: give mutations
 12235 | D:9      | Gained mutation: Your muscles are strong. (Str +2) [Xom's
                  | grace]
 12235 | D:9      | Gained mutation: Your movements are slightly less
                  | encumbered by armour. (ER -2) [Xom's grace]
 12235 | D:9      | Gained mutation: You are resistant to hostile enchantments.
                  | (MR+) [Xom's grace]
 12280 | D:9      | Found a staircase to the Orcish Mines.
 12294 | D:9      | XOM: polymorph gnoll sergeant -> crocodile
 12579 | D:8      | XOM: scenery: create altars
 12587 | D:9      | XOM: confuse monster(s)
 12619 | D:9      | XOM: divine lightning
 12763 | D:10     | Entered Level 10 of the Dungeon
 12767 | D:10     | Found a hazy altar of Hepliaklqana.
 12799 | D:10     | XOM: polymorph orc warrior -> ooze
 12802 | D:10     | XOM: cast spell 'Leda's Liquefaction'
 12814 | D:10     | XOM: summons friendly white imp
 12904 | D:10     | Noticed a two-headed ogre
 12905 | D:10     | Noticed a two-headed ogre
 12909 | D:10     | Killed a two-headed ogre
 12913 | D:10     | Killed a two-headed ogre
 12937 | D:10     | Reached XP level 12. HP: 84/105 MP: 12/12
 13308 | D:10     | Got a crystal scimitar
 13341 | D:10     | XOM: divination: magic mapping
 13600 | D:10     | Reached skill level 10 in Fighting
 13636 | D:10     | Found the +3 robe of Folly {Archmagi, MR-- Int+5}
 13822 | D:11     | XOM: scenery: 1 doors close
 13844 | D:11     | XOM: cloud trail
 13883 | D:11     | XOM: polymorph killer bee -> river rat
 13889 | D:11     | XOM: fog
 13909 | D:11     | XOM: god gift: 49 gold pieces
 13917 | D:11     | XOM: confuse monster(s)
 14018 | D:11     | XOM: 1-stop teleportation journey
 14452 | D:11     | XOM: silly message
 14483 | D:11     | Found a roughly hewn altar of Beogh.
 14483 | D:11     | XOM: 9-stop teleportation journey
 14549 | D:11     | XOM: destruction
 14579 | D:11     | XOM: stat loss: -1 Int (12/13)
 14620 | D:11     | Found a stormy altar of Qazlal.
 14912 | D:12     | XOM: enchant monster (bad)
 14936 | D:12     | XOM: enchant monster (bad)
 15371 | D:12     | XOM: enchant monster (bad)
 15473 | D:12     | XOM: give mutations
 15473 | D:12     | Gained mutation: Scrolls take you a little longer to read.
                  | [Xom's mischief]
 15473 | D:12     | Lost mutation: Your muscles are strong. (Str +2) [Xom's
                  | mischief]
 15473 | D:12     | Gained mutation: Your body sometimes deteriorates upon
                  | taking damage. [Xom's mischief]
 15473 | D:12     | Gained mutation: Your spells are a little harder to cast,
                  | but a little more powerful. [Xom's mischief]
 15527 | D:12     | XOM: 3-stop teleportation journey
 15661 | D:12     | XOM: destruction
 15672 | D:12     | XOM: silly message
 15677 | D:12     | XOM: enchant monster (good)
 15741 | D:12     | Reached XP level 13. HP: 29/113 MP: 13/13
 15758 | D:12     | Reached skill level 10 in Armour
 15852 | D:12     | XOM: harmless Summ miscast
 16110 | D:12     | XOM: mild Fire miscast
 16444 | D:12     | XOM: medium Necr miscast
 16917 | D:13     | Reached skill level 1 in Shields
 16917 | D:13     | XOM: destruction
 17018 | D:13     | XOM is BORED!
 17080 | D:13     | Found a frozen archway.
 17336 | IceCv    | Entered an ice cave
 17391 | IceCv    | XOM: fake destruction
 17406 | IceCv    | XOM: summons 8 friendly demons
 17574 | IceCv    | XOM: 4-stop teleportation journey
 17592 | IceCv    | XOM: divination: detect creatures
 17601 | IceCv    | XOM: 2-stop teleportation journey
 17651 | IceCv    | XOM: smoke on damage
 17863 | IceCv    | XOM: smoke on damage
 17873 | IceCv    | Reached skill level 5 in Shields
 18554 | D:13     | XOM: god gift: fine spear {god gift}
 18557 | D:13     | Got a fine spear {god gift}
 18558 | D:13     | Identified the +7 spear "Ocoecvu" {chaos, Str+6} (Xom
                  | gifted it to you on level 13 of the Dungeon)
 18781 | D:13     | XOM: divination: detect creatures
 18890 | Lair:1   | Entered Level 1 of the Lair of Beasts
 19382 | Lair:1   | XOM: noise
 19537 | Lair:1   | XOM: god gift: fan of gales
 19553 | Lair:1   | XOM: god gift: 27 gold pieces
 19640 | Lair:2   | Noticed Nergalle
 19663 | Lair:2   | Killed Nergalle
 19821 | Lair:2   | XOM: smoke on damage
 20073 | Lair:2   | Found a hole to the Spider Nest.
 20305 | Lair:2   | XOM: smoke on damage
 20328 | Lair:2   | XOM: summons friendly shadow imp
 20811 | Lair:2   | XOM is BORED!
 20811 | Lair:2   | XOM: swap monsters
 20911 | Lair:2   | XOM: give mutations
 20911 | Lair:2   | Lost mutation: Your spells are a little harder to cast, but
                  | a little more powerful. [Xom's mischief]
 20911 | Lair:2   | Lost mutation: Your mind is acute. (Int +2) [Xom's
                  | mischief]
 21006 | Lair:2   | XOM: scenery: 1 doors open
 21185 | Lair:3   | XOM: cast spell 'Chain of Chaos'
 21194 | Lair:3   | XOM: cleaving
 21607 | Lair:3   | Noticed Gastronok
 21632 | Lair:3   | XOM: 8-stop teleportation journey
 21638 | Lair:3   | XOM: scenery: create altars
 21677 | Lair:3   | Reached XP level 14. HP: 94/121 MP: 14/14
 21836 | Lair:3   | Got an iridescent battleaxe
 21845 | Lair:3   | Identified the +3 battleaxe "Monal" {speed, rN+} (You found
                  | it on level 3 of the Lair of Beasts)
 22363 | Lair:3   | XOM: enchant monster (good)
 22375 | Lair:3   | Killed Gastronok
 22723 | Lair:3   | Found a staircase to the Swamp.
 22819 | Lair:3   | Reached skill level 12 in Axes
 23029 | Lair:4   | XOM: summons 1 friendly demon
 23039 | Lair:4   | XOM: fog
 23142 | Lair:3   | XOM: harmless Pois miscast
 23229 | Lair:3   | XOM: harmless Ice miscast
 23359 | Lair:4   | XOM: noise
 23367 | Lair:4   | XOM: god gift: 26 gold pieces
 23400 | Lair:4   | XOM: harmless Conj miscast
 23841 | Lair:4   | XOM: stat loss: -1 Int (10/11)
 23843 | Lair:4   | Identified a scroll of acquirement
 23846 | Lair:4   | XOM: harmless Fire miscast
 23858 | Lair:4   | Found the +10 large shield of Ignorance {rN+ Int-4}
 23967 | Lair:4   | XOM: 8-stop teleportation journey
 24056 | Lair:4   | XOM: summons 2 hostile shadow creatures
 24215 | Lair:4   | XOM: harmless Air miscast
 24266 | Lair:5   | XOM: repel stairs
 24267 | Lair:5   | XOM: harmless Pois miscast
 24324 | Lair:5   | XOM: swap monsters
 24363 | Lair:5   | Found a shimmering altar of Xom.
 24386 | Lair:5   | Reached skill level 13 in Axes
 24399 | Lair:5   | XOM: 3-stop teleportation journey
 24608 | Lair:5   | XOM: cleaving
 24627 | Lair:5   | XOM: god gift: scroll of enchant armour
 24894 | Lair:5   | XOM is BORED!
 24894 | Lair:5   | XOM: summons 3 hostile demons
 25367 | Lair:6   | Entered Level 6 of the Lair of Beasts
 25503 | Lair:6   | XOM: potion effect (haste)
 25828 | Lair:6   | XOM: cloud trail
 25952 | Lair:6   | XOM: noise
 26086 | Lair:6   | XOM: stat loss: -1 Int (8/11)
 26087 | Lair:6   | XOM: mild Chrm miscast
 26088 | Lair:6   | Reached skill level 14 in Axes
 26101 | Lair:6   | XOM: blink monster(s)
 26352 | Lair:6   | XOM: noise
 26407 | Lair:6   | XOM: confuse monster(s)
 26710 | Lair:6   | XOM: cast spell 'Disjunction'
 26740 | Lair:6   | XOM: polymorph yak -> wind drake
 26745 | Lair:6   | XOM: god gift: 7 stones
 26833 | Lair:6   | XOM: cleaving
 26838 | Lair:6   | XOM: scenery: create altars
 26850 | Lair:6   | XOM: god gift: 24 stones
 26865 | Lair:6   | XOM: cleaving
 26875 | Lair:6   | XOM: fog
 26886 | Lair:6   | XOM: give mutations
 26886 | Lair:6   | Gained mutation: You expend magic power (3 MP) to
                  | strengthen your wands. [Xom's grace]
 26886 | Lair:6   | Gained mutation: Your natural rate of healing is unusually
                  | fast. [Xom's grace]
 26991 | Lair:5   | XOM: harmless Tloc miscast
 27036 | Lair:6   | Noticed an azure jelly
 27036 | Lair:6   | a death yak changed into an azure jelly
 27036 | Lair:6   | XOM: polymorph death yak -> azure jelly
 27043 | Lair:6   | XOM: destruction
 27051 | Lair:6   | XOM: noise
 27052 | Lair:6   | XOM: blink monster(s)
 27062 | Lair:6   | Killed an azure jelly
 27208 | Lair:6   | XOM: summons friendly chaos spawn
 27213 | Lair:6   | XOM: swap monsters
 27219 | Lair:6   | Reached XP level 15. HP: 120/126 MP: 15/15
 27277 | Lair:6   | XOM: give mutations
 27277 | Lair:6   | Lost mutation: Scrolls take you a little longer to read.
                  | [Xom's mischief]
 27277 | Lair:6   | Gained mutation: You are dopey. (Int -2) [Xom's mischief]
 27277 | Lair:6   | Lost mutation: You are agile. (Dex +2) [Xom's mischief]
 27298 | Lair:6   | XOM: chaos cloud
 27323 | Lair:6   | XOM: swap monsters
 27406 | Lair:6   | Found the +9 staff of Wucad Mu {channel}
 27415 | Lair:6   | Reached skill level 15 in Axes
 27415 | Lair:6   | XOM: harmless Ice miscast
 27629 | D:7      | Bought a centaur barding for 598 gold pieces
 27656 | D:7      | Bought a +2 helmet for 264 gold pieces
 27718 | D:4      | Bought a scroll of summoning for 114 gold pieces
 27840 | Orc:1    | Entered Level 1 of the Orcish Mines
 27946 | Orc:1    | Noticed an orc warlord
 27954 | Orc:1    | XOM: cast spell 'Shadow Creatures'
 27956 | Orc:1    | XOM: repel stairs
 27971 | Orc:1    | Killed an orc warlord
 28357 | Orc:2    | XOM: noise
 28357 | Orc:2    | Entered Level 2 of the Orcish Mines
 28364 | Orc:2    | Noticed Nessos
 28659 | Orc:2    | XOM: repel stairs
 28668 | Orc:2    | XOM: scenery: create altars
 28671 | Orc:2    | XOM: summons 14 friendly demons
 28674 | Orc:2    | XOM: cast spell 'Statue Form'
 28675 | Orc:2    | XOM: divination: detect items
 28682 | Orc:2    | XOM: noise
 28685 | Orc:2    | XOM: mild Summ miscast
 28687 | Orc:2    | XOM: harmless Tmut miscast
 28704 | Orc:2    | XOM: swap monsters
 28706 | Orc:2    | Killed Nessos
 28832 | Orc:1    | XOM: mild Tmut miscast
 28854 | Orc:1    | XOM: god gift: 30 gold pieces
 28917 | Orc:1    | XOM: harmless Necr miscast
 28926 | Orc:2    | XOM: medium Hex miscast
 28964 | Orc:2    | XOM: harmless Ice miscast
 29091 | Orc:2    | Found a staircase to the Elven Halls.
 29099 | Orc:2    | Noticed Saint Roka
 29141 | Orc:1    | XOM: divination: detect items
 29394 | Orc:2    | XOM: enchant monster (good)
 29405 | Orc:2    | Killed Saint Roka
 29525 | Orc:2    | XOM: cleaving
 29542 | Orc:2    | Found Seipsuy's Assorted Antiques.
 29542 | Orc:2    | Found Qopunec's General Store.
 29542 | Orc:2    | Found Gohaityl's Antique Armour Boutique.
 29572 | Orc:2    | Found Ring's Food Shop.
 29574 | Orc:2    | Bought a scorched cloak for 275 gold pieces
 29574 | Orc:2    | Bought a potion of might for 116 gold pieces
 29574 | Orc:2    | Bought a warped ivory amulet for 145 gold pieces
 29585 | Orc:2    | Identified the cursed +0 cloak of a Hundred Wonders {-Cast
                  | rElec rC+ rN+} (You bought it in a shop on level 2 of the
                  | Orcish Mines)
 29593 | Orc:2    | Identified the amulet "Maschiq" {RegenMP rF+ Stlth+} (You
                  | bought it in a shop on level 2 of the Orcish Mines)
 29597 | Orc:2    | Bought a potion of curing for 42 gold pieces
 29597 | Orc:2    | Bought 2 potions of curing for 84 gold pieces
 29605 | Orc:2    | Reached skill level 16 in Axes
 29652 | Orc:2    | Found a bloodstained altar of Trog.
 30012 | Orc:1    | Found Axuyfank's Magic Scroll Shop.
 30017 | Orc:1    | Bought a scroll of enchant weapon for 82 gold pieces
 30017 | Orc:1    | Bought a scroll of teleportation for 33 gold pieces
 30017 | Orc:1    | Bought a scroll of teleportation for 33 gold pieces
 30017 | Orc:1    | Bought a scroll of silence for 82 gold pieces
 30017 | Orc:1    | Bought a scroll of summoning for 104 gold pieces
 30587 | D:13     | Noticed Urug
 30594 | D:13     | Noticed Urug
 30594 | D:13     | Urug changed into Urug the glowing orange brain
 30594 | D:13     | XOM: polymorph Urug -> Urug the glowing orange brain
 30598 | D:13     | Killed Urug the glowing orange brain
 30640 | D:13     | XOM: summons 1 hostile shadow creature
 30889 | D:13     | XOM: give mutations
 30889 | D:13     | Lost mutation: You expend magic power (3 MP) to strengthen
                  | your wands. [Xom's mischief]
 30889 | D:13     | Lost mutation: You possess an exceptional clarity of mind.
                  | [Xom's mischief]
 30889 | D:13     | Lost mutation: You are resistant to hostile enchantments.
                  | (MR+) [Xom's mischief]
 30944 | D:14     | XOM: polymorph big kobold -> scorpion
 30949 | D:14     | XOM: confusion (+ monsters)
 31023 | D:14     | XOM: enchant monster (good)
 31180 | D:14     | XOM: scenery: create altars
 31289 | D:14     | Got a twisted executioner's axe
 31290 | D:14     | Identified the +1 executioner's axe of Ixucy {antimagic,
                  | rC++ Stlth+} (You acquired it on level 14 of the Dungeon)
 31516 | D:14     | XOM: summons 6 hostile demons
 31531 | D:14     | XOM: mild Chrm miscast
 31546 | D:14     | Found a gate to the Vaults.
 31779 | D:14     | XOM: noise
 31855 | D:15     | Entered Level 15 of the Dungeon
 31880 | D:15     | XOM: confusion (+ monsters)
 31918 | D:15     | XOM: cast spell 'Disjunction'
 31921 | D:15     | Noticed Rupert
 32032 | D:14     | XOM: confuse monster(s)
 32034 | D:14     | XOM: enchant monster (good)
 32045 | D:14     | Killed Rupert
 32082 | D:15     | XOM: medium Summ miscast
 32084 | D:15     | Cast into level 1 of the Abyss (spatial vortex)
 32088 | Abyss:1  | Found a corrupted altar of Lugonu.
 32144 | Abyss:1  | XOM: fog
 32158 | Abyss:1  | XOM: confuse monster(s)
 32235 | D:15     | Escaped the Abyss
 32337 | D:15     | XOM: mild Hex miscast
 32391 | D:15     | XOM: confusion (+ monsters)
 32394 | D:15     | Reached XP level 16. HP: 94/95 MP: 14/14
 32462 | D:15     | XOM: cleaving
 32691 | D:15     | Found a portal to a secret trove of treasure.
 32757 | D:15     | XOM: harmless Tloc miscast
 32882 | D:15     | Found Otoutev's Jewellery Shoppe.
 32947 | D:15     | XOM: give mutations
 32947 | D:15     | Gained mutation: You possess an exceptional clarity of
                  | mind. [Xom's grace]
 32947 | D:15     | Lost mutation: You are dopey. (Int -2) [Xom's grace]
 32947 | D:15     | Gained mutation: You have a pair of small horns on your
                  | head. [Xom's grace]
 32947 | D:15     | Gained mutation: Your flesh is heat resistant. (rF+) [Xom's
                  | grace]
 33111 | D:15     | Found a staircase to the Depths.
 33137 | D:15     | XOM: summons 8 hostile demons
 33359 | D:8      | XOM: harmless Pois miscast
 33495 | Swamp:1  | Entered Level 1 of the Swamp
 33501 | Swamp:1  | XOM: fog
 33505 | Swamp:1  | XOM: blink monster(s)
 33515 | Lair:3   | XOM: noise
 33534 | Lair:3   | XOM: cloud trail
 33621 | Lair:3   | XOM: medium Ice miscast
 33805 | Swamp:1  | XOM: swap monsters
 33835 | Swamp:1  | XOM: summons friendly white imp
 33885 | Swamp:1  | XOM: scenery: create altars
 33944 | Swamp:1  | XOM: give mutations
 33944 | Swamp:1  | Lost mutation: Your body sometimes deteriorates upon taking
                  | damage. [Xom's mischief]
 33944 | Swamp:1  | Gained mutation: You are frail. (-10% HP) [Xom's mischief]
 33957 | Swamp:1  | XOM: 2-stop teleportation journey
 34222 | Swamp:1  | XOM: give mutations
 34222 | Swamp:1  | Lost mutation: You have a pair of small horns on your head.
                  | [Xom's mischief]
 34222 | Swamp:1  | Gained mutation: You are clumsy. (Dex -2) [Xom's mischief]
 34402 | Swamp:1  | XOM: enchant monster (bad)
 34563 | Swamp:1  | XOM: enchant monster (bad)
 34572 | Swamp:1  | XOM: enchant monster (bad)
 34645 | Swamp:1  | XOM: summons friendly crimson imp
 34658 | Swamp:1  | Noticed a thorn hunter
 34658 | Swamp:1  | a shambling mangrove changed into a thorn hunter
 34669 | Swamp:1  | Killed a thorn hunter
 34822 | Swamp:1  | XOM: medium Erth miscast
 34838 | Swamp:1  | XOM: blink monster(s)
 35159 | Swamp:2  | XOM: mild Erth miscast
 35277 | Swamp:2  | XOM: divination: detect creatures
 35283 | Swamp:2  | XOM: potion effect (might)
 35304 | Swamp:2  | XOM: potion effect (brilliance)
 35308 | Swamp:2  | XOM: silly message
 35311 | Swamp:2  | XOM: potion effect (haste)
 35320 | Swamp:2  | XOM: divination: magic mapping
 35344 | Swamp:2  | XOM: divination: detect creatures
 35609 | Swamp:2  | XOM: silly message
 35675 | Swamp:2  | XOM: harmless Necr miscast
 35685 | Swamp:2  | XOM: harmless Air miscast
 35784 | Swamp:3  | XOM: harmless Summ miscast
 35804 | Swamp:3  | Found a hide-covered altar of Uskayaw.
 35818 | Swamp:3  | XOM: potion effect (agility)
 35848 | Swamp:3  | Noticed a tentacled monstrosity
 35857 | Swamp:3  | XOM: silly message
 35862 | Swamp:3  | XOM: potion effect (invisibility)
 35864 | Swamp:3  | Killed a tentacled monstrosity
 36104 | Swamp:3  | XOM: harmless Erth miscast
 36110 | Swamp:3  | XOM: cleaving
 36246 | Swamp:3  | XOM: cast spell 'Ring of Flames'
 36388 | Swamp:3  | Reached XP level 17. HP: 132/135 MP: 17/17
 36426 | Swamp:3  | XOM: confuse monster(s)
 36538 | Swamp:3  | XOM: harmless Hex miscast
 36592 | Swamp:4  | Entered Level 4 of the Swamp
 36615 | Swamp:4  | XOM: smoke on damage
 36628 | Swamp:3  | HP: 3/135 [alligator[a spriggan druid] (26)]
 36629 | Swamp:3  | Mangled by an alligator

Levels and vault maps discovered:
D:1:      nzn_arrival_water_spiral, layout_basic, serial_forest,
          infiniplex_forest_clump_curved, infiniplex_forest_join,
          infiniplex_forest_clump_diagonal, infiniplex_forest_fountain,
          infiniplex_forest_corner_1, infiniplex_forest_lined_corner,
          minmay_tiny_reverse_x
D:2:      layout_loops_ring, lemuel_coloured_pillars_altar, first_ration,
          uniq_sigmund
D:3:      layout_rooms, fedhas_altar_1, lemuel_round_altar,
          gup_sewer_entry_pipe, uniq_jessica
D:4:      layout_basic, elyvilon_altar_4, minmay_temple_entry_drinking_statues,
          serial_shops, shop, nicolae_shop_crystal, shop,
          nicolae_shop_behind_doors, shop_statue, uniq_edmund, uniq_grinder,
          uniq_ijyb
D:5:      layout_basic, uniq_menkaure
D:6:      layout_loops_ring, uniq_pikel
D:7:      layout_gridville, overflow_temple_1_default, serial_shops,
          nicolae_shop_trees, kennysheep_mini_moat, shop, shop
D:8:      layout_cave_pools, yredelemnul_forgotten_temple_becter,
          kennysheep_mini, serial_undead, serial_undead_c, serial_undead_d,
          serial_undead_e, serial_undead_f, serial_undead_f, serial_undead_c,
          serial_undead_f, serial_undead_e
D:9:      layout_basic, nicolae_overflow_crystal_walls,
          ashenzari_conservatory_becter, dpeg_lair_monsters,
          kennysheep_orc_monster_closet_entryway
D:10:     layout_loops_cross, basic_altar, hangedman_fish_farm
D:11:     layout_roguey [special_room_bee], basic_altar, special_room
          [special_room_orc]
D:12:     layout_stronghold, minmay_beelzebubs_servants
D:13:     layout_roguey, portal_ice_cave_entry_pillars_2,
          chequers_serial_rivers_small_3, serial_bayou_lake_a, uniq_urug
D:14:     layout_big_octagon, david_vaults_1
D:15:     grunt_enter_depths_snipers, layout_basic, serial_shops, shop,
          enter_trove_6, grunt_ministairs_9, minmay_fractal_squares_5,
          uniq_rupert
Lair:1:   layout_regular_city, lemuel_fruit_fields
Lair:2:   layout_roguey, nicolae_spider_entry_tight_spaces, serial_bayou_pond_a,
          grunt_megastairs_4, minmay_lair_oklob_chamber, uniq_nergalle
Lair:3:   layout_small_grid, nicolae_swamp_entry_splash_gauntlet,
          chequers_serial_rivers_micro_c, chequers_serial_rivers_small_a,
          chequers_serial_rivers_micro_e, st_stairs_7,
          kennysheep_abandoned_house, uniq_gastronok
Lair:4:   layout_roguey
Lair:5:   layout_hall_layers, kb_xom_exploding_sheep
Lair:6:   evilmike_catoblepas_cave, layout_regular_city,
          minmay_slime_entry_oklob_open, kennysheep_rathole
Swamp:1:  layout_falls_marsh, hangedman_swamp_ruin_wall, swamp_pool3
Swamp:2:  layout_basic_swamp, evilmike_swamp_ruin_house_5, swamp_pool2
Swamp:3:  layout_falls_marsh, nicolae_swamp_godswood, swamp_pool2
Swamp:4:  swamp_pestilence, layout_basic_swamp, uniq_aizul
Orc:1:    layout_diamond_mine, serial_shops,
          nicolae_shop_temple_entry_statues_fountains
Orc:2:    st_orc_mages, layout_diamond_mine, bloody_trog, uniq_saint_roka,
          uniq_nessos

Skill      XL: |  1  2  3  4  5  6  7  8  9 10 11 12 13 14 15 16 |
---------------+-------------------------------------------------+-----
Axes           | 3 4 5 6 7 9 11 14 16 | 16.5
Dodging        | 3 5 6 8 |  8.0
Armour         | 3 5 7 9 11 12 13 | 13.4
Fighting       | 5 7 9 10 13 | 13.5
Shields        | 6 |  6.0

Action                   |  1- 3 |  4- 6 |  7- 9 | 10-12 | 13-15 | 16-18 || total
-------------------------+-------+-------+-------+-------+-------+-------++-------
Melee: Hand axe          |   101 |   212 |   125 |       |       |       ||   438
       Kick              |    11 |    35 |    78 |   185 |   515 |   170 ||   994
       War axe           |       |       |   155 |   569 |   465 |       ||  1189
       Battleaxe         |       |       |       |       |  1115 |   622 ||  1737
       Spear             |       |       |       |       |    76 |    68 ||   144
       Headbutt          |       |       |       |       |       |    25 ||    25
Throw: Dart              |       |       |       |     2 |     3 |       ||     5
       Throwing net      |       |       |       |       |     1 |       ||     1
Evoke: Wand              |       |       |       |    18 |     1 |     5 ||    24
       Phial of floods   |       |       |       |     1 |       |       ||     1
  Use: Potion            |       |     2 |       |     1 |     5 |     4 ||    12
       Scroll            |       |     3 |     9 |     8 |    10 |     4 ||    34
 Stab: Paralysed         |     1 |     2 |     1 |     1 |     6 |     1 ||    12
       Confused          |       |     1 |       |     1 |     8 |     6 ||    16
       Distracted        |       |       |     1 |     1 |       |       ||     2
       Petrified         |       |       |       |       |    18 |     4 ||    22
       Petrifying        |       |       |       |       |     2 |       ||     2
       Invisible         |       |       |       |       |     1 |     1 ||     2
       Held in net/web   |       |       |       |       |     1 |       ||     1
       Sleeping          |       |       |       |       |     1 |       ||     1
       Betrayed ally     |       |       |       |       |     1 |       ||     1
  Eat: Chunk             |     1 |     6 |    12 |    16 |    30 |     6 ||    71
       Ration            |       |       |       |     4 |     4 |     3 ||    11
Armor: Leather armour    |    34 |    61 |   123 |    56 |       |       ||   274
       Ring mail         |       |       |       |   184 |   808 |       ||   992
       Skin              |       |       |       |    49 |     7 |       ||    56
       Plate armour      |       |       |       |       |    59 |   548 ||   607
Dodge: Dodged            |    59 |    76 |   115 |   280 |   675 |   204 ||  1409
Block: Buckler           |       |       |       |    41 |    99 |       ||   140
